 Dungeon Crawl Stone Soup version 0.28-a0-422-gd71735c (webtiles) character file.

Game seed: 8483449507462164763

142 Sixotanaka the Chiller (level 5, -1/35 HPs)
             Began as a Merfolk Ice Elementalist on Sept 8, 2021.
             Killed by nerve-wracking pain
             ... invoked by a shadow imp
              (7 damage)
             ... on level 3 of the Dungeon.
             The game lasted 00:06:11 (3597 turns).

Sixotanaka the Chiller (Merfolk Ice Elementalist)   Turns: 3597, Time: 00:06:12

Health: -1/35      AC:  3    Str:  9    XL:     5   Next: 24%
Magic:  4/8        EV: 12    Int: 14    God:
Gold:   134        SH:  0    Dex: 15    Spells: 1/8 levels left

rFire   . . .      SeeInvis .   a - +0 spear
rCold   . . .      Faith    .   (no shield)
rNeg    . . .      Spirit   .   g - +0 robe
rPois   .          Reflect  .   (no helmet)
rElec   .          Harm     .   (no cloak)
rCorr   .          Rampage  .   (no gloves)
Will    .....                   k - +0 pair of boots
Stlth   ++........              (no amulet)
HPRegen 0.11/turn               (no ring)
MPRegen 0.11/turn               (no ring)

@: no status effects
A: (nimble swimmer 2), mertail
a: no special abilities


You were on level 3 of the Dungeon.
You visited 1 branch of the dungeon, and saw 3 of its levels.

You collected 134 gold pieces.

Inventory:

Hand Weapons
 a - a +0 spear (weapon)
 b - a +0 short sword
Armour
 g - a +0 robe (worn)
 k - a +0 pair of boots (worn)
Jewellery
 n - a ring of ice
Wands
 j - a wand of polymorph (6)
Scrolls
 d - a scroll of identify {unknown}
 f - a scroll of vulnerability
 i - a scroll of fear {unknown}
Potions
 c - a potion of mutation {unknown}
 e - a potion of flight {unknown}
 h - a potion of lignification {unknown}
 l - a potion of degeneration {unknown}
 m - a potion of curing {unknown}
 o - a potion of haste {unknown}


   Skills:
 + Level 0.3 Polearms
 - Level 2.6 Dodging
 - Level 2.1 Stealth
 - Level 2.0 Spellcasting
 + Level 7.0 Ice Magic


You had one spell level left.
You knew the following spells:

 Your Spells              Type           Power      Damage    Failure   Level
a - Freeze                Ice            84%        1d10      1%          1
b - Frozen Ramparts       Ice            42%        1d6       4%          3
c - Ozocubu's Armour      Ice            21%        N/A       4%          3

Your spell library contained the following spells:

 Spells                   Type           Power      Damage    Failure   Level
 Ensorcelled Hibernation  Hex/Ice        22%        N/A       9%          2
 Hailstorm                Conj/Ice       11%        3d5       50%         4
 Spider Form              Tmut/Pois      0%         N/A       56%         3


Dungeon Overview and Level Annotations

Branches:
Dungeon (3/15)

Altars:
Xom

Shops:
D:2 (


Innate Abilities, Weirdness & Mutations

((You are quick and stealthy near water. (Stealth+, EV+, Speed+++)))
Your lower body shifts to a powerful aquatic tail in water.


Message History

The shadow imp is severely wounded.
The shadow imp hits you.
You barely miss the shadow imp.
The shadow imp is severely wounded.
The shadow imp hits you.
You are too injured to fight recklessly!
You are too injured to fight recklessly!
You closely miss the shadow imp.
The shadow imp is severely wounded.
The shadow imp closely misses you.
You closely miss the shadow imp.
The shadow imp is severely wounded.
The shadow imp barely misses you.
You barely miss the shadow imp.
The shadow imp is severely wounded.
The shadow imp barely misses you.
You closely miss the shadow imp.
The shadow imp is severely wounded.
The shadow imp hits you but does no damage.
You barely miss the shadow imp.
The shadow imp is severely wounded.
The shadow imp misses you.
You barely miss the shadow imp.
The shadow imp is severely wounded.
The shadow imp hits you but does no damage.
You hit the shadow imp but do no damage.
The shadow imp is severely wounded.
The shadow imp gestures at you. Pain shoots through your body!
* * * LOW HITPOINT WARNING * * *
The shadow imp hits you.
* * * LOW HITPOINT WARNING * * *
You hit the shadow imp.
The shadow imp is almost dead.
The shadow imp barely misses you.
You barely miss the shadow imp.
The shadow imp is almost dead.
The shadow imp gestures at you. Pain shoots through your body!
You die...

#.....#.# #####......##
#######.###########............
#...........#.######..###
#######.#####....#...<..###
##.....#.....###............
##.............##.#......####
#.................##.#...# #
#...............####.#...#
#...........@5...###...#.# ##
#..................##..#.#..#
#...............##.##....#...
##.............###.###.......
###.....#........#...........
#..<.......##...............#
#..........##.....##...#....#
#..........#......###.......#
#............#.....#..##.....


You could see a shadow imp.

Vanquished Creatures
  Jessica (D:2)
  4 gnolls
  3 adders (D:2)
  2 dart slugs
  5 ball pythons
  2 endoplasms
  3 giant cockroaches
  3 goblins
  3 jackals (D:2)
  7 kobolds
  3 quokkas
  5 bats
  A frilled lizard (D:1)
  4 rats
46 creatures vanquished.

Notes
Turn   | Place    | Note
-------+----------+-------------------------------------------
     0 | D:1      | Sixotanaka the Merfolk Ice Elementalist began the quest for
                  | the Orb.
     0 | D:1      | Reached XP level 1. HP: 13/13 MP: 3/3
   562 | D:1      | Reached XP level 2. HP: 13/19 MP: 1/5
   670 | D:1      | Reached skill level 5 in Ice Magic
  1377 | D:1      | Reached XP level 3. HP: 8/24 MP: 2/6
  1872 | D:2      | Noticed Jessica
  1885 | D:2      | Killed Jessica
  1886 | D:2      | Reached skill level 6 in Ice Magic
  1886 | D:2      | Reached XP level 4. HP: 30/30 MP: 1/7
  2102 | D:2      | Learned a level 3 spell: Frozen Ramparts
  2106 | D:2      | Learned a level 3 spell: Ozocubu's Armour
  2136 | D:2      | Found a faded altar of an unknown god.
  2374 | D:2      | Found a shimmering altar of Xom.
  2389 | D:2      | Found Uwyekh's Antique Weapon Emporium.
  2399 | D:2      | Reached XP level 5. HP: 30/35 MP: 3/8
  3348 | D:3      | Reached skill level 7 in Ice Magic
  3597 | D:3      | Killed from afar by a shadow imp

Illustrated notes

Levels and vault maps discovered:
D:1:      dpeg_arrival_leaves_temple_mockup, layout_loops_ring
D:2:      layout_basic, hellmonk_ecumenical_altar_zigzags, serial_shops,
          nicolae_shop_temple_entry_statues_fountains, basic_altar,
          minivault_27, uniq_jessica
D:3:      layout_rooms, minmay_quadrilaterals

Skill      XL: |  1  2  3  4  5 |
---------------+----------------+-----
Ice Magic      | 5 6 7 |  7.0
Polearms       | |  0.3
Dodging        | |  2.6
Stealth        | |  2.1
Spellcasting   | |  2.0

Action                   |  1- 3 |  4- 6 || total
-------------------------+-------+-------++-------
Melee: Short sword       |     7 |       ||     7
       Spear             |     7 |    32 ||    39
 Cast: Freeze            |    42 |    25 ||    67
       Frozen Ramparts   |       |     1 ||     1
  Use: Scroll            |     1 |       ||     1
 Stab: Sleeping          |     1 |     5 ||     6
Armor: Robe              |     7 |     6 ||    13
       Skin              |     2 |       ||     2
Dodge: Dodged            |    20 |    20 ||    40

Table legend: (Time is in decaauts)
 A = Elapsed time spent in this place.
 B = Non-inter-level travel time spent in this place.
 C = Inter-level travel time spent in this place.
 D = Time resting spent in this place.
 E = Time spent auto-exploring this place.
 F = Levels seen in this place.
 G = Mean time per level.
                   A        B        C        D        E       F      G
               +--------+--------+--------+--------+--------+-----+--------+
         Total |   3601 |   3495 |    106 |   1375 |   1515 |   3 | 1200.3 |
       Dungeon |   3601 |   3495 |    106 |   1375 |   1515 |   3 | 1200.3 |
               +--------+--------+--------+--------+--------+-----+--------+

Top non-repeatable levels by time:
     D:1: 1663 daAuts
     D:2: 1558 daAuts
     D:3: 379 daAuts
